 Dungeon Crawl Stone Soup version 0.32-a0-898-g7811c86cf0 (webtiles) character file.

Game seed: 12117324202862500018

53702 Autsider the Thaumaturge (level 14, 0/90 HPs)
             Began as a Tengu Summoner on Apr 4, 2024.
             Was the Champion of Kikubaaqudgha.
             Succumbed to a swamp dragon's poison gas
             ... on level 5 of the Lair of Beasts.
             The game lasted 01:26:32 (18360 turns).

Autsider the Thaumaturge (Tengu Summoner)          Turns: 18360, Time: 01:26:33

Health: 0/90       AC: 12    Str:  8    XL:     14   Next: 69%
Magic:  35/42      EV: 38    Int: 29    God:    Kikubaaqudgha [******]
Gold:   1221       SH:  5    Dex: 10    Spells: 6/39 levels left

rFire   . . .        m - +3 halberd "Socanlabb" {vamp, Will+ Int+3 Dex-5}
rCold   . . .        (shield currently unavailable)
rNeg    . . .        B - +1 steam dragon scales
rPois   .            Q - +3 hat of Pondering {ponderous, Will+ MP+10 Int+5}
rElec   .            n - +1 cloak
rCorr   .            A - +0 pair of gloves
SInv    .            (boots unavailable)
Will    +++..        v - amulet of reflection
Stlth   ++++         T - +5 ring of evasion
HPRegen 0.35/turn    f - ring of wizardry
MPRegen 0.28/turn

%: reflection, acrobat, wizardry (x1)
@: lethally poisoned (0 -> -10), acrobatic, flying, studying Fighting, slow
A: beak, talons 3, evasive flight, acrobatic
a: Renounce Religion, Unearth Wretches, Torment


You were on level 5 of the Lair of Beasts.
You worshipped Kikubaaqudgha.
Kikubaaqudgha was exalted by your worship.
You visited 3 branches of the dungeon, and saw 17 of its levels.
You also visited: Volcano.

You collected 2248 gold pieces.
You spent 1027 gold pieces at shops.

Inventory:

Hand Weapons
 d - a +0 quick blade of flaming
 l - a +0 demon trident of flaming
 m - the +3 halberd "Socanlabb" (weapon) {vamp, Will+ Int+3 Dex-5}
   (You found it on level 2 of the Dungeon)

   Int+3:     It affects your intelligence (+3).
   Dex-5:     It affects your dexterity (-5).
   Will+:     It increases your willpower.
 t - a +1 demon whip of venom
Armour
 n - a +1 cloak (worn)
 A - a +0 pair of gloves (worn)
 B - +1 steam dragon scales (worn)
 C - the +2 buckler of Uzoaj {+Inv rC+}
   (You found it on level 6 of the Dungeon)

   rC+:       It protects you from cold.
   +Inv:      It lets you turn invisible.
 I - a +4 ring mail of fire resistance
 K - the +1 leather armour of Eternity {rC++ SInv Stlth-}
   (You found it on level 8 of the Dungeon)

   rC++:      It greatly protects you from cold.
   SInv:      It lets you see invisible.
   Stlth-:    It makes you less stealthy.
 Q - the +3 hat of Pondering (worn) {ponderous, Will+ MP+10 Int+5}
   (You took it off Gastronok on level 9 of the Dungeon)

   Int+5:     It affects your intelligence (+5).
   Will+:     It increases your willpower.
   MP+10:     It affects your magic capacity (+10).
 S - a +3 ring mail of fire resistance
Jewellery
 f - a ring of wizardry (right hand)
 h - a ring of protection from cold
 v - an amulet of reflection (around neck)
 w - a ring of protection from fire
 H - a ring of see invisible
 O - a ring of resist corrosion
 T - a +5 ring of evasion (left hand)
 X - a +4 ring of protection
Wands
 F - a wand of light (10)
 G - a wand of warping (21)
 L - a wand of digging (21)
 N - a wand of charming (25)
 R - a wand of polymorph (7)
Scrolls
 j - 6 scrolls of teleportation {@r2}
 k - 2 scrolls of blinking
 o - 2 scrolls of vulnerability
 p - a scroll of fog
 r - 2 scrolls of brand weapon
 s - 4 scrolls of enchant weapon
 x - 2 scrolls of revelation
 y - a scroll of fear
 z - 2 scrolls of butterflies
 D - a scroll of immolation
 E - 3 scrolls of enchant armour
Potions
 a - 2 potions of enlightenment
 b - 4 potions of magic
 c - 2 potions of haste
 g - 3 potions of heal wounds {@q2}
 i - 2 potions of mutation
 q - 3 potions of curing {@q1}
 u - 2 potions of invisibility
 J - 4 potions of brilliance
 M - 2 potions of attraction
 U - a potion of cancellation
 V - 3 potions of lignification
 W - 2 potions of berserk rage
 Y - a potion of resistance
 Z - a potion of might
Miscellaneous
 e - a phantom mirror


   Skills:
 + Level 11.0 Fighting
 - Level 10.0 Dodging
 - Level 10.0 Stealth
 - Level 5.0 Shields
 * Level 13.4 Spellcasting
 - Level 11.0 Summonings
 + Level 8.8 Necromancy
 + Level 2.5 Translocations
 - Level 5.0 Fire Magic
 - Level 5.0 Air Magic
 + Level 2.3 Earth Magic
 + Level 3.2 Evocations


You had 6 spell levels left.
You knew the following spells:

 Your Spells              Type           Power      Damage    Failure   Level
a - Borgnjor's Vile Clut  Necr/Erth      25%        N/A       3%          5
b - Anguish               Hex/Necr       22%        N/A       1%          4
e - Death Channel         Necr           31%        N/A       4%          6
w - Animate Dead          Necr           63%        N/A       1%          4
z - Blink                 Tloc           68%        N/A       1%          2
A - Call Canine Familiar  Summ           70%        N/A       1%          3
B - Summon Blazeheart Go  Fire/Summ      60%        N/A       1%          4
C - Summon Lightning Spi  Summ/Air       60%        N/A       1%          4
X - Summon Small Mammal   Summ           100%       N/A       1%          1

Your spell library contained the following spells:

 Spells                   Type           Power      Damage    Failure   Level
 Apportation              Tloc           68%        N/A       1%          1
 Kiss of Death            Conj/Necr      100%       2d13      1%          1
 Necrotise                Necr           100%       1d9       1%          1
 Slow                     Hex            76%        N/A       1%          1
 Call Imp                 Summ           100%       N/A       1%          2
 Jinxbite                 Hex            38%        N/A       1%          2
 Lesser Beckoning         Tloc           68%        N/A       1%          2
 Momentum Strike          Conj/Tloc      52%        3d9       1%          2
 Scorch                   Fire           96%        2d9       1%          2
 Inner Flame              Hex/Fire       33%        N/A       1%          3
 Summon Ice Beast         Ice/Summ       50%        N/A       1%          3
 Vampiric Draining        Necr           63%        2d10      1%          3
 Dispel Undead            Necr           63%        3d22      1%          4
 Martyr's Knell           Necr/Summ      67%        N/A       1%          4
 Summon Cactus Giant      Summ           35%        N/A       1%          6
 Confusing Touch          Hex            19%        N/A       3%          3
 Tukima's Dance           Hex            19%        N/A       3%          3
 Summon Mana Viper        Hex/Summ       50%        N/A       3%          5
 Flame Wave               Conj/Fire      33%        2d10      4%          4
 Dimensional Bullseye     Hex/Tloc       13%        N/A       6%          4
 Iskenderun's Mystic Bla Conj/Tloc 26%            2d7        (+2d3     6%          4
 Cause Fear               Hex            9%         N/A       11%         4
 Fulminant Prism          Conj/Alch      9%         3d7       11%         4
 Olgreb's Toxic Radiance  Alch           19%        N/A       11%         4
 Alistair's Intoxication  Alch           12%        N/A       28%         5
 Irradiate                Conj/Alch      9%         3d14      28%         5
 Permafrost Eruption      Ice/Erth       13%        2x4d4     65%         6
 Monstrous Menagerie      Summ           35%        N/A       10%         7
 Haunt                    Necr/Summ      33%        N/A       16%         7
 Borgnjor's Revivificati  Necr           31%        N/A       86%         8
 Infestation              Necr           31%        N/A       86%         8
 Enfeeble                 Hex            9%         N/A       100%        7
 Ozocubu's Refrigeration  Ice            9%         4d9       100%        7
 Discord                  Hex            9%         N/A       100%        8
 Ignition                 Fire           24%        3d8       100%        8
 Death's Door             Necr           31%        N/A       100%        9


Dungeon Overview and Level Annotations

Branches:
Dungeon (11/15)            Temple (1/1) D:4            Lair (5/5) D:11
  Swamp (0/4) Lair:3       Spider (0/4) Lair:3      Volcano (visited)
  Slime: Lair:4-5       Orc: D:9-12

Altars:
Ashenzari
Cheibriados
Dithmenos
Elyvilon
Fedhas
Gozag
Hepliaklqana
Kikubaaqudgha
Makhleb
Nemelex Xobeh
Okawaru
Qazlal
Ru
Sif Muna
Trog
Uskayaw
Vehumet
Wu Jian
Xom
Yredelemnul
Zin
The Shining One

Shops:
D:2 [::(   D:8 *   D:10 [

Annotations:
D:2 exclusion: downstairs
D:7 exclusion: downstairs
D:9 exclusion: downstairs
Lair:4 exclusion: downstairs


Innate Abilities, Weirdness & Mutations

You have a beak for a mouth.
You have claws for feet.
Your magical flight helps you evade attacks. (EV +4)
You can magically evade attacks while moving or waiting.


Message History

* * * LOW HITPOINT WARNING * * *
You are shoved backwards!
The ice dragon is wracked by anguish!
Casting: Anguish (dangerous; 1% risk of failure)
Confirm with . or Enter, or press ? or * to list all spells.
A fiery spirit appears, bound in slag iron.
The ice dragon misses you.
The ice dragon completely misses you. x2
The swamp dragon breathes poison at you.
The blast of poison engulfs you.
You are poisoned.
* * * LOW HITPOINT WARNING * * *
You are engulfed in poison gas.
You are more poisoned.
* * * LOW HITPOINT WARNING * * *
x2 You feel extremely sick.
The ice dragon bites your blazeheart golem!
The ice dragon is wracked by anguish!
The ice dragon claws your blazeheart golem but does no damage.
The ice dragon tramples your blazeheart golem!
The ice dragon is wracked by anguish!
Your blazeheart golem punches the ice dragon but does no damage.
The forest fire spreads!
You feel better.
You are engulfed in poison gas.
You are poisoned.
* * * LOW HITPOINT WARNING * * *
You feel very sick. The ice dragon breathes frost at you.
The blast of cold hits your blazeheart golem!
The blast of cold hits you!!
* * * LOW HITPOINT WARNING * * *
The ice dragon is wracked by anguish!!!
The ice dragon dies!
Kikubaaqudgha accepts your kill.
The swamp dragon bites your blazeheart golem.
The swamp dragon completely misses your blazeheart golem.
The swamp dragon tramples your blazeheart golem.
The forest fire spreads!
Your Fighting skill increases to level 11!
Okay, then.
You die...
Kikubaaqudgha rasps: You have failed me!
Welcome... death!

♣♣♣♣♣♣ ♣♣♣.~..♣♣
♣...≈~..♣♣ ♣♣..≈≈≈.P.♣
♣♣♣..~~♣♣~~..♣
♣♣....~♣♣ ≈~.♣
♣♣...~~♣♣ ≈~D ♣....~♣♣
D~ ♣♣..@○♣♣ ♣ ###
♣♣.♣.9○♣ ... ♣†..P°D♣♣
... ♣..P○°°.♣♣ $..≈≈~.♣
...
♣♣.♣♣°≈≈..♣♣♣♣.~≈≈≈~♣
...
♣..♣~~♣♣≈...♣.~~~≈≈.♣
#..
##♣..[~♣♣P.≈~§♣♣.≈≈≈≈D♣
#.#
#....~≈♣♣♣..§§§♣.~≈≈≈~♣
#..
##..~†♣..♣.§§..§♣.~≈≈I♣


You could see a swamp dragon (catching breath, ally target) and a friendly
blazeheart golem (summoned).

Vanquished Creatures
  Rupert (Lair:3)
  Gastronok (D:9)
  The ghost of Konar the Skirmisher, a journeyman CoHu of Hepliaklqana (Lair:2)
  Fannar (Lair:1)
  Erica (Lair:1)
  3 two-headed ogres
  A hydra (Lair:2)
  2 boulder beetles
  The ghost of Autsider the Reanimator, a novice DsNe of Vehumet (D:10)
  A skyshark (Lair:4)
  Amaemon (D:10)
  A swamp dragon (Lair:3)
  A wolf spider (Lair:5)
  11 elephants
  A meliai (Lair:3)
  Joseph (D:10)
  7 cane toads
  A rime drake (D:11)
  2 komodo dragons
  A tengu conjurer (D:10)
  A polar bear (D:11)
  2 trolls
  A hornet (D:10)
  2 blink frogs (Lair:1)
  13 yaks
  7 wyverns
  A wraith (D:11)
  Grum (Lair:1)
  2 steam dragons
  3 vampire mosquitoes (D:11)
  2 acid dragons (Lair:5)
  3 water moccasins
  3 ice beasts (D:11)
  A black bear (D:5)
  2 orc warriors
  A sky beast (D:7)
  An ogre (D:2)
  8 wolves
  2 centaurs
  4 bullfrogs
  A wight (D:8)
  2 killer bees
  2 howler monkeys
  3 hounds
  A jelly (D:5)
  2 orc priests
  A sleepcap (D:6)
  2 iguanas
  2 orc wizards
  A gnoll (D:4)
  An adder (D:6)
  A shadow imp (D:5)
  A white imp (D:7)
  2 ufetubi (D:6)
  A dart slug (D:4)
  14 orcs
  2 bats
  6 giant cockroaches
  3 hobgoblins
  5 kobolds
  A quokka (D:1)
  4 ball pythons
  A frilled lizard (D:3)
  A goblin (D:2)
  6 rats
166 creatures vanquished.

Vanquished Creatures (collateral kills)
  2 hydras (Lair:5)
  An ogre mage (Volcano)
  2 two-headed ogres (Volcano)
  A hell knight (Volcano)
  8 elephants
  7 black mambas
  10 cane toads
  A gargoyle (D:11)
  A guardian serpent (Lair:5)
  3 rime drakes
  An unseen horror (D:11)
  7 komodo dragons
  An orange demon (D:10)
  3 polar bears
  4 hornets
  12 blink frogs
  A shadow (D:10)
  7 wyverns
  9 yaks
  2 steam dragons
  2 basilisks
  A redback (Lair:5)
  21 water moccasins
  2 orc warriors
  3 swamp drakes
  2 black bears
  An ice beast (D:11)
  9 wolves
  A centaur (D:7)
  A kobold brigand (D:7)
  8 bullfrogs
  A scorpion (D:6)
  A water moccasin zombie (Lair:5)
  4 wights (D:10)
  10 killer bees
  4 howler monkeys
  A bombardier beetle (D:4)
  A hound (D:4)
  3 orc priests
  3 jellies
  5 iguanas
  8 orc wizards
  5 gnolls
  6 adders
  A white imp (D:8)
  2 ufetubi (D:3)
  2 ribbon worms
  A dart slug (D:1)
  24 orcs
  5 ball pythons
  3 endoplasms
  2 giant cockroaches (D:1)
  3 hobgoblins
  6 kobolds
  A bat (D:2)
  2 goblins
  A rat (D:1)
239 creatures vanquished.

Vanquished Creatures (others)
  An ice dragon (Lair:5)
  A black mamba zombie (Lair:5)
  A cane toad zombie (Lair:5)
  A komodo dragon zombie (Lair:5)
  3 wyvern zombies (Lair:5)
  A water moccasin zombie (Lair:5)
  A yak zombie (Lair:5)
  A polar bear zombie (Lair:5)
  5 wolf zombies (Lair:5)
  68 blazeheart cores
83 creatures vanquished.

Grand Total: 488 creatures vanquished

Notes
Turn   | Place    | Note
-------+----------+-------------------------------------------
     0 | D:1      | Autsider the Tengu Summoner began the quest for the Orb.
     0 | D:1      | Reached XP level 1. HP: 10/10 MP: 4/4
   135 | D:1      | Reached skill level 5 in Summonings
   174 | D:1      | Reached XP level 2. HP: 11/15 MP: 3/6
   547 | D:2      | Reached XP level 3. HP: 15/19 MP: 5/8
   552 | D:2      | Identified the +3 halberd "Socanlabb" {vamp, Will+ Int+3
                  | Dex-5}
   571 | D:2      | Learned a level 3 spell: Call Canine Familiar
   653 | D:2      | Found Mazuditz's Antique Armour Shoppe.
   681 | D:2      | You fall into a shaft and drop 2 floors!
   692 | D:4      | Reached skill level 3 in Spellcasting
   809 | D:4      | Reached XP level 4. HP: 24/24 MP: 6/9
   864 | D:4      | Reached XP level 5. HP: 28/28 MP: 9/11
  1016 | D:4      | Found a white marble altar of Elyvilon.
  1064 | D:4      | Found a staircase to the Ecumenical Temple.
  1134 | D:4      | Noticed a black bear
  1151 | D:4      | Killed a black bear
  1152 | D:4      | Reached skill level 4 in Spellcasting
  1152 | D:4      | Reached XP level 6. HP: 32/32 MP: 7/13
  1186 | D:4      | Found a snail-covered altar of Cheibriados.
  1636 | D:2      | Found Jusemeuth's Book Boutique.
  1636 | D:2      | Noticed a walking frostbound tome
  1638 | D:2      | Noticed a walking frostbound tome
  1688 | D:2      | Found Retoyrphi's Book Emporium.
  1814 | D:2      | Reached skill level 5 in Spellcasting
  1814 | D:2      | Gained mutation: Your magical flight helps you evade
                  | attacks. (EV +4) [Tengu growth]
  1814 | D:2      | Reached XP level 7. HP: 36/36 MP: 15/15
  1828 | D:2      | Found Buashi's Weapon Emporium.
  2105 | D:3      | Found a faded altar of an unknown god.
  2274 | D:3      | Learned a level 4 spell: Summon Blazeheart Golem
  2279 | D:3      | Learned a level 4 spell: Summon Lightning Spire
  2513 | D:3      | Reached skill level 1 in Fire Magic
  3033 | D:3      | Found a glowing silver altar of Zin.
  3034 | D:3      | Noticed an angel
  3216 | Temple   | Entered the Ecumenical Temple
  3235 | Temple   | Became a worshipper of Kikubaaqudgha
  3270 | D:5      | Entered Level 5 of the Dungeon
  3845 | D:5      | Noticed a steam dragon
  3964 | D:5      | Killed a steam dragon
  3965 | D:5      | Reached XP level 8. HP: 41/41 MP: 14/17
  4466 | D:6      | Reached skill level 1 in Air Magic
  4768 | D:6      | Reached skill level 1 in Fighting
  4856 | D:6      | Identified the +2 buckler of Uzoaj {+Inv rC+}
  4893 | D:6      | Found an iron altar of Okawaru.
  4899 | D:6      | Found a bloodstained altar of Trog.
  4902 | D:6      | Found a blossoming altar of Fedhas.
  4921 | D:6      | Found a stormy altar of Qazlal.
  4924 | D:6      | Found a hazy altar of Hepliaklqana.
  5528 | D:7      | Reached skill level 6 in Spellcasting
  5528 | D:7      | Reached skill level 5 in Fire Magic
  5606 | D:7      | Reached skill level 1 in Shields
  5606 | D:7      | Reached XP level 9. HP: 45/48 MP: 19/19
  5632 | D:7      | Reached * piety under Kikubaaqudgha
  5632 | D:7      | Received a gift from Kikubaaqudgha
  5892 | D:7      | Identified the +1 lajatang of Zin's Pride {flame, rPois
                  | Int+3}
  6436 | D:8      | Identified the +1 leather armour of Eternity {rC++ SInv
                  | Stlth-}
  6600 | D:8      | Noticed a komodo dragon
  6610 | D:8      | Killed a komodo dragon
  6820 | D:8      | Found a shadowy altar of Dithmenos.
  7079 | D:8      | Found Jeyx's General Store.
  7086 | D:8      | Bought a scroll of revelation for 105 gold pieces
  7086 | D:8      | Bought a potion of curing for 42 gold pieces
  7135 | D:8      | Learned a level 4 spell: Anguish
  7149 | D:8      | Learned a level 4 spell: Animate Dead
  7479 | D:8      | Found a basalt altar of Yredelemnul.
  7481 | D:8      | Noticed a profane servitor
  7486 | D:8      | Found a glowing golden altar of the Shining One.
  7488 | D:8      | Noticed an angel
  7765 | D:9      | Noticed a troll
  7772 | D:9      | Killed a troll
  7773 | D:9      | Reached XP level 10. HP: 40/56 MP: 16/21
  7910 | D:9      | Noticed Gastronok
  7937 | D:9      | Killed Gastronok
  7938 | D:9      | Reached skill level 5 in Dodging
  7938 | D:9      | Reached skill level 5 in Stealth
  7938 | D:9      | Reached skill level 7 in Spellcasting
  7938 | D:9      | Reached skill level 10 in Summonings
  7938 | D:9      | Reached skill level 5 in Air Magic
  7949 | D:9      | Reached ** piety under Kikubaaqudgha
  8143 | D:9      | Found a shimmering blue altar of Sif Muna.
  8501 | D:10     | Entered Level 10 of the Dungeon
  8501 | D:10     | Noticed Amaemon
  8501 | D:10     | Noticed an orange demon
  8559 | D:10     | Found Fat-Frumos's Dragon-Slaying Spoils.
  8807 | D:10     | Found a sparkling altar of Nemelex Xobeh.
  9027 | D:10     | Reached skill level 5 in Shields
  9058 | D:10     | Reached XP level 11. HP: 60/60 MP: 23/23
  9061 | D:10     | Noticed Joseph
  9200 | D:10     | Killed Joseph
  9689 | D:10     | Found a runed translucent door.
  9690 | D:10     | Noticed Autsider's ghost (novice DsNe)
  9782 | D:10     | Killed Autsider's ghost
  9783 | D:10     | Reached skill level 8 in Spellcasting
  9963 | D:11     | Found a staircase to the Lair.
 10114 | D:11     | Noticed a boulder beetle
 10120 | D:11     | Reached *** piety under Kikubaaqudgha
 10120 | D:11     | Received a gift from Kikubaaqudgha
 10132 | D:11     | Killed a boulder beetle
 10405 | D:11     | Reached skill level 1 in Necromancy
 10494 | D:11     | Found a hide-covered altar of Uskayaw.
 10494 | D:11     | Noticed a +0 spear
 10494 | D:11     | Noticed a +0 short sword
 10495 | D:11     | Noticed a +0 falchion
 10496 | D:11     | Noticed a +0 falchion
 10496 | D:11     | Noticed a +0 short sword
 10496 | D:11     | Noticed a +0 dagger
 10497 | D:11     | Noticed a +0 spear
 10498 | D:11     | Noticed a +0 dagger
 10498 | D:11     | Noticed a two-headed ogre
 10522 | D:11     | Killed a two-headed ogre
 10744 | Lair:1   | Entered Level 1 of the Lair of Beasts
 10748 | Lair:1   | Learned a level 2 spell: Blink
 10757 | Lair:1   | Noticed Fannar
 10768 | Lair:1   | Killed Fannar
 10769 | Lair:1   | Reached skill level 9 in Spellcasting
 10901 | Lair:1   | Reached XP level 12. HP: 64/64 MP: 26/26
 11009 | Lair:1   | Identified a scroll of acquirement
 11081 | Lair:1   | Acquired 1032 gold pieces
 11211 | D:10     | Killed Amaemon
 11373 | D:2      | Bought a manual of Fighting for 880 gold pieces
 11629 | Lair:1   | Noticed Erica
 11651 | Lair:1   | Killed Erica
 11651 | Lair:1   | Noticed Grum
 11660 | Lair:1   | Killed Grum
 11674 | Lair:1   | Reached skill level 10 in Spellcasting
 11855 | Lair:1   | Got the Discursus on Impulse and the Tundra
 12396 | Lair:2   | Reached skill level 5 in Fighting
 12404 | Lair:2   | Reached **** piety under Kikubaaqudgha
 12578 | Lair:2   | Noticed a boulder beetle
 12600 | Lair:2   | Killed a boulder beetle
 12605 | Lair:2   | Noticed a six-headed hydra
 12610 | Lair:2   | Killed a six-headed hydra
 12947 | Lair:2   | Reached skill level 5 in Necromancy
 12949 | Lair:2   | Found a runed translucent gate.
 12950 | Lair:2   | Found a runed translucent gate.
 12957 | Lair:2   | Found a runed translucent gate.
 12960 | Lair:2   | Noticed Konar's ghost (journeyman CoHu)
 13375 | Lair:2   | Killed Konar's ghost
 13502 | Lair:3   | Reached XP level 13. HP: 75/75 MP: 28/28
 13759 | Lair:3   | Noticed Rupert
 13777 | Lair:3   | Killed Rupert
 13778 | Lair:3   | Reached skill level 11 in Spellcasting
 14035 | Lair:3   | Found a hole to the Spider Nest.
 14053 | Lair:3   | Reached skill level 10 in Dodging
 14628 | Lair:3   | Reached skill level 10 in Stealth
 14939 | Lair:3   | Found a staircase to the Swamp.
 15360 | Lair:4   | Found a dark tunnel.
 15365 | Volcano  | Entered a volcano
 15692 | Volcano  | Learned a level 5 spell: Borgnjor's Vile Clutch
 15699 | Volcano  | Learned a level 6 spell: Death Channel
 15757 | Volcano  | Reached skill level 12 in Spellcasting
 16035 | Lair:4   | You are sucked into a shaft and drop 1 floor!
 16035 | Lair:5   | Entered Level 5 of the Lair of Beasts
 16381 | Lair:4   | Reached ***** piety under Kikubaaqudgha
 16619 | Lair:4   | Reached XP level 14. HP: 87/87 MP: 31/31
 17025 | Lair:5   | Reached skill level 1 in Evocations
 17026 | Lair:5   | Reached skill level 10 in Fighting
 17057 | Lair:5   | Reached skill level 1 in Translocations
 17060 | Lair:5   | Reached skill level 1 in Earth Magic
 17213 | Lair:5   | Reached skill level 13 in Spellcasting
 18176 | Lair:5   | Reached ****** piety under Kikubaaqudgha
 18287 | Lair:5   | Received a gift from Kikubaaqudgha (forbidden knowledge)
 18359 | Lair:5   | HP: 3/88 [ice dragon/blast of cold (21)]
 18360 | Lair:5   | Succumbed to a swamp dragon's poison gas

Illustrated notes

Levels and vault maps discovered:
D:1:      wheals_arrival_shading, layout_rooms
D:2:      layout_basic, serial_shops, shop, nicolae_shop_tiny_glass,
          nicolae_shop_peninsula, nicolae_shop_mannequins
D:3:      layout_basic, zin_angel, nicolae_ecumenical_oubliette,
          hangedman_decor_lopped, hangedman_decor_points
D:4:      layout_loops_ring, kennysheep_slug_shrine,
          mainiacjoe_overflow_alcove_2, minmay_temple_entry_tees,
          portal_sewer_entry_b
D:5:      layout_loops_corners, kennysheep_generic_room_6
D:6:      layout_cave_pods, minmay_overflow_temple_star_hex,
          nicolae_figureground_pulse
D:7:      layout_loops_ring, minmay_misc_feat_room
D:8:      layout_basic, mainiacjoe_overflow_boulevard,
          grunt_temple_overflow_holy_war, serial_shops, nicolae_shop_tiny_glass,
          st_stairs_10
D:9:      layout_roguey, led_sif_pool, uniq_gastronok
D:10:     layout_roguey, mainiacjoe_overflow_catwalk, gammafunk_ghost_grave,
          nicolae_shop_dragon_depot, patterned_corridor, uniq_amaemon,
          uniq_joseph
D:11:     layout_roguey, hellmonk_lair_entry_icy, nicolae_uskayaw_en_pointe
Temple:   jpeg_temple_island
Lair:1:   layout_gridlike, uniq_grum, uniq_erica, uniq_fannar
Lair:2:   layout_long_grid, ebering_ghost_rock_garden, minivault_11,
          nzn_sisyphean_effort
Lair:3:   layout_layer_cave, mainiacjoe_swamp_entry_lozenge_pond,
          hellmonk_spider_entry_not_the_bees, uniq_rupert
Lair:4:   layout_regular_city, enter_volcano_4, minmay_holes,
          grunt_megastairs_2, infiniplex_staircase_pool_2, lemuel_fruit_tree
Lair:5:   hangedman_lair_tendril_chambers, layout_gridlike,
          guppyfry_lair_end_dragon, dpeg_slime_entry_corner,
          serial_bayou_lagoon_b

Skill      XL: |  1  2  3  4  5  6  7  8  9 10 11 12 13 14 |
---------------+-------------------------------------------+-----
Summonings     | 5 6 7 8 9 10 11 | 11.0
Spellcasting   | 3 4 5 6 7 9 10 12 13 | 13.4
Fire Magic     | 3 5 |  5.0
Air Magic      | 2 4 5 |  5.0
Fighting       | 2 3 6 9 11 | 11.0
Dodging        | 3 4 6 8 9 10 | 10.0
Stealth        | 3 4 6 8 9 10 | 10.0
Shields        | 1 3 5 |  5.0
Necromancy     | 3 5 7 8 |  8.8
Evocations     | 3 |  3.2
Translocations | 2 |  2.5
Earth Magic    | 2 |  2.3

Action                     |  1- 3 |  4- 6 |  7- 9 | 10-12 | 13-15 || total
---------------------------+-------+-------+-------+-------+-------++-------
  Melee: Unarmed           |    19 |       |       |       |       ||    19
         Kick              |     9 |    10 |    19 |    15 |    30 ||    83
         Peck              |     5 |     6 |    17 |    11 |    20 ||    59
         Halberd           |    25 |    66 |   150 |   108 |   101 ||   450
  Throw: Stone             |     2 |       |       |       |       ||     2
   Cast: Summon Small Mamm |    21 |     4 |       |       |       ||    25
         Call Canine Famil |     3 |     5 |    26 |    25 |     3 ||    62
         Summon Blazeheart |       |       |    13 |    32 |    42 ||    87
         Summon Lightning  |       |       |     2 |    33 |    55 ||    90
         Anguish           |       |       |       |     1 |     1 ||     2
         Animate Dead      |       |       |       |       |     2 ||     2
         Death Channel     |       |       |       |       |     2 ||     2
 Invoke: Receive Forbidden |       |       |       |       |     1 ||     1
    Use: Scroll            |       |       |    13 |     2 |    13 ||    28
         Potion            |       |       |     1 |     1 |     5 ||     7
   Stab: Distracted        |       |     1 |     2 |     2 |     2 ||     7
         Sleeping          |       |       |     2 |       |       ||     2
 Armour: Robe              |    24 |    55 |     9 |       |       ||    88
         Steam dragon scal |       |       |    81 |    77 |   103 ||   261
  Dodge: Dodged            |    47 |    47 |   135 |   139 |   281 ||   649
  Block: Other             |       |       |    35 |    33 |    50 ||   118
         Reflection        |       |       |     2 |     4 |       ||     6

Table legend: (Time is in decaauts)
 A = Elapsed time spent in this place.
 B = Non-inter-level travel time spent in this place.
 C = Inter-level travel time spent in this place.
 D = Time resting spent in this place.
 E = Time spent auto-exploring this place.
 F = Levels seen in this place.
 G = Mean time per level.
                   A        B        C        D        E       F      G
               +--------+--------+--------+--------+--------+-----+--------+
         Total |  19276 |  17654 |   1622 |   2171 |  10991 |  18 | 1070.9 |
       Dungeon |  11610 |  10259 |   1351 |    708 |   7008 |  11 | 1055.5 |
        Temple |     38 |     20 |     18 |      0 |      0 |   1 |   38.0 |
          Lair |   7062 |   6810 |    252 |   1201 |   3918 |   5 | 1412.4 |
       Volcano |    565 |    565 |      0 |    262 |     64 |   1 |  565.0 |
               +--------+--------+--------+--------+--------+-----+--------+

Top non-repeatable levels by time:
  Lair:3: 2003 daAuts
    D:10: 1539 daAuts
  Lair:5: 1358 daAuts
  Lair:4: 1308 daAuts
     D:5: 1259 daAuts
  Lair:1: 1252 daAuts
     D:8: 1176 daAuts
  Lair:2: 1139 daAuts
     D:6: 1127 daAuts
     D:3: 1122 daAuts
     D:7: 1092 daAuts
     D:4: 1032 daAuts
    D:11: 1017 daAuts
     D:9: 980 daAuts
     D:2: 735 daAuts
